Lightning vs Sabres

Created - October 19, 2016 at 17:19

Goals
1 2 3 T
Lightning 2 1 1 4
Sabres 1 1 0 2
Shots
1 2 3 T
Lightning 9 9 12 30
Sabres 12 16 8 36

1st period

1. Lightning , Travis Zajac 2 (Troy Brouwer) at 0:33
2. Sabres , Rasmus Ristolainen 1 (Matt Cullen) at 11:23 (PP)
3. Lightning , Travis Zajac 3 (Andrej Sekera) at 16:24

Penalties :
Patric Hornqvist (TBL) for Slashing (Minor) at 5:17, Brayden Schenn (BUF) for Holding (Minor) at 5:47, Erik Gudbranson (TBL) for Hooking (Minor) at 10:20, Gustav Nyquist (BUF) for Boarding (Minor) at 12:24, Andre Benoit (TBL) for Slashing (Minor) at 12:24, Johnny Oduya (BUF) for Roughing (Minor) at 13:13

2nd period

4. Sabres , Rasmus Ristolainen 2 (Daniel Winnik, Zach Hyman) at 2:03
5. Lightning , Henrik Sedin 2 (Johnny Gaudreau, Radim Vrbata) at 2:33

Penalties :
Troy Brouwer (TBL) for Interference (Minor) at 7:05, Andrej Sekera (TBL) for Tripping (Minor) at 19:27

3rd period

6. Lightning , Tobias Rieder 1 (Eric Fehr, Nick Spaling) at 3:53

Penalties :
Rasmus Ristolainen (BUF) for Holding (Minor) at 5:38, Zach Hyman (BUF) for High sticking (Double Minor) at 14:02

Goalie Stats

Kari Lehtonen (TBL), 34 saves from 36 shots - (0.944), W, 1-2-0, 60:00 minutes
Ondrej Pavelec (BUF), 15 saves from 19 shots - (0.789), L, 0-4-0, 43:53 minutes
Jhonas Enroth (BUF), 11 saves from 11 shots - (1.000), 16:07 minutes

Players Stats for Lightning

Player Name              G  A  P  +/- PIM S  H  SB GA TA FO     MP     PP MP  PK MP  
------------------------------------------------------------------------------------
Andre Benoit             0  0  0   0  2   1  0  0  0  0  0/0    13:37   0:00   2:03 
Andrej Sekera            0  1  1   2  2   0  0  1  0  0  0/0    21:05   4:10   1:30 
Brad Hunt                0  0  0   0  0   1  0  2  0  0  0/0    19:41   4:10   2:42 
David Schlemko           0  0  0   2  0   0  0  0  0  0  0/0    14:47   0:00   0:00 
Eric Fehr                0  1  1   0  0   1  0  0  0  0  3/9     7:04   0:00   1:18 
Erik Gudbranson          0  0  0   1  2   0  2  1  0  0  0/0    25:48   3:07   1:52 
Henrik Sedin             1  0  1   1  0   3  1  0  0  0  23/36  22:21   2:51   0:36 
Jeff Carter              0  0  0   0  0   4  1  0  0  0  9/21   16:15   4:26   0:00 
Johnny Gaudreau          0  1  1   1  0   2  0  1  0  0  0/2    21:26   2:51   0:06 
Kevin Klein              0  0  0   1  0   0  1  0  0  0  0/0    24:53   3:07   2:49 
Nick Spaling             0  1  1   0  0   0  1  1  0  0  1/1     7:26   0:00   1:38 
Patric Hornqvist         0  0  0   0  2   5  4  0  0  0  1/2    15:02   2:51   0:00 
Radim Vrbata             0  1  1   1  0   1  1  0  0  0  0/0    20:47   4:26   0:06 
Teddy Purcell            0  0  0   0  0   3  1  0  0  0  0/0    15:26   4:26   0:00 
Tobias Rieder            1  0  1   0  0   2  0  0  0  0  0/1     5:46   0:00   0:00 
Tomas Fleischmann        0  0  0   2  0   1  0  0  0  0  0/1    14:10   0:00   3:27 
Travis Zajac             2  0  2   2  0   4  0  0  0  0  10/22  14:20   0:00   3:37 
Troy Brouwer             0  1  1   2  2   2  1  0  0  0  0/0    11:02   0:00   0:20 

Players Stats for Sabres

Player Name              G  A  P  +/- PIM S  H  SB GA TA FO     MP     PP MP  PK MP  
------------------------------------------------------------------------------------
Brayden Schenn           0  0  0  -1  2   2  2  0  0  0  0/0    20:45   4:04   4:36 
Braydon Coburn           0  0  0   0  0   0  2  1  0  0  0/0    15:18   0:00   2:08 
Daniel Winnik            0  1  1   1  0   0  0  0  0  0  0/0     2:34   0:00   0:00 
Francois Beauchemin      0  0  0   0  0   1  2  3  0  0  0/0    27:12   4:14   4:11 
Gustav Nyquist           0  0  0   0  2   2  0  0  0  0  0/0    14:40   0:00   0:03 
Jake McCabe              0  0  0   0  0   0  0  0  0  0  0/0     1:36   0:00   0:03 
Johnny Oduya             0  0  0  -3  2   2  0  3  0  0  0/0    18:31   1:17   3:10 
Josh Gorges              0  0  0   0  0   0  5  3  0  0  0/0    13:10   0:00   0:00 
Kris Versteeg            0  0  0   0  0   2  0  0  0  0  0/1    15:14   0:00   0:42 
Kyle Palmieri            0  0  0  -1  0   3  0  0  0  0  3/6    18:43   4:05   2:28 
Kyle Turris              0  0  0  -3  0   2  1  0  0  0  14/26  19:28   1:26   2:28 
Lars Eller               0  0  0   0  0   2  1  0  0  0  8/14   15:43   0:00   0:00 
Matt Cullen              0  1  1  -3  0   3  0  0  0  0  2/3    17:00   1:26   0:33 
Nazem Kadri              0  0  0   0  0   5  3  0  0  0  16/37  24:55   4:05   4:54 
Nino Niederreiter        0  0  0  -3  0   4  3  0  0  0  0/1    16:27   1:26   0:00 
Oliver Ekman-Larsson     0  0  0  -3  0   2  2  0  0  0  0/0    19:38   1:17   4:16 
Rasmus Ristolainen       2  0  2   0  2   5  3  2  0  0  0/0    24:33   4:14   3:06 
Zach Hyman               0  1  1   1  4   1  0  0  0  0  5/7     2:33   0:00   0:00 

3 Stars

1 - Travis Zajac (TBL)
2 - Rasmus Ristolainen (BUF)
3 - Henrik Sedin (TBL)

Power Play

Lightning - 0 on 5 Attempt(s) - 0.00%
Sabres - 1 on 4 Attempt(s) - 25.00%

Penalty Kill

Lightning - 3 on 4 Attempt(s) - 75.00% - Score 0 goal in Penalty Kill
Sabres - 5 on 5 Attempt(s) - 100.00% - Score 0 goal in Penalty Kill

Team Stat

Lightning - Hits : 13 - Faceoff Wins : 47 - Blocked Shots : 6 - Penalty Minutes : 10
Sabres - Hits : 24 - Faceoff Wins : 48 - Blocked Shots : 12 - Penalty Minutes : 12

Official

Referees : Dan O'Halloran and Frederick L'Ecuyer
Linesman : Scott Driscoll and Brad Kovachik

Game Notes

Jhonas Enroth enters game at 3:53 of 3rd period

Finance

Level 1 -- Attendance: 4824 (74.22%) -- Ticket Income $578,880
Level 2 -- Attendance: 3580 (71.60%) -- Ticket Income $322,200
Level 3 -- Attendance: 3291 (94.03%) -- Ticket Income $197,460
Level 4 -- Attendance: 2951 (96.12%) -- Ticket Income $103,285
Luxury Box -- Attendance: 909 (90.90%) -- Ticket Income $204,525
Game was played at the First Niagara Center.
Total Attendance: 15555 (81.57%)
Total Ticket Income: $1,406,350
Other Income: $210,952
Total Income: $1,617,302

% Time on Ice - Lightning

Lines # - Real PCT - Wanted PCT - Time Play
Normal Forward
1 - 37% - 40% - 16:15
2 - 25% - 30% - 11:00
3 - 25% - 20% - 10:43
4 - 13% - 10% - 5:46
Normal Defense
1 - 38% - 40% - 16:43
2 - 31% - 30% - 13:33
3 - 26% - 20% - 11:35
4 - 4% - 10% - 1:53
PP Forward
1 - 39% - 60% - 2:51
2 - 61% - 40% - 4:26
PP Defense
1 - 43% - 60% - 3:07
2 - 57% - 40% - 4:10
PK Forward
1 - 76% - 60% - 4:13
2 - 24% - 40% - 1:18
PK Defense
1 - 53% - 60% - 2:55
2 - 47% - 40% - 2:36
PK3 Forward
1 - 0% - 60%
2 - 0% - 40%
PK3 Defense
1 - 0% - 60%
2 - 0% - 40%
44 Forward
1 - 76% - 60% - 2:39
2 - 24% - 40% - 0:49
44 Defense
1 - 64% - 60% - 2:14
2 - 36% - 40% - 1:14
Last Minute Offensive  - 0:00
Last Minute Defensive  - 0:00
Total
Forward - 60:00
Defense - 60:00

% Time on Ice - Sabres

Lines # - Real PCT - Wanted PCT - Time Play
Normal Forward
1 - 27% - 40% - 11:37
2 - 34% - 30% - 15:01
3 - 33% - 20% - 14:32
4 - 6% - 10% - 2:34
Normal Defense
1 - 35% - 40% - 15:29
2 - 31% - 30% - 13:32
3 - 30% - 20% - 13:10
4 - 4% - 10% - 1:33
PP Forward
1 - 74% - 60% - 4:05
2 - 26% - 40% - 1:26
PP Defense
1 - 77% - 60% - 4:14
2 - 23% - 40% - 1:17
PK Forward
1 - 66% - 60% - 4:49
2 - 34% - 40% - 2:28
PK Defense
1 - 48% - 60% - 3:30
2 - 52% - 40% - 3:47
PK3 Forward
1 - 71% - 60% - 0:50
2 - 29% - 40% - 0:20
PK3 Defense
1 - 59% - 60% - 0:41
2 - 41% - 40% - 0:29
44 Forward
1 - 76% - 60% - 1:45
2 - 24% - 40% - 0:33
44 Defense
1 - 76% - 60% - 1:45
2 - 24% - 40% - 0:33
Last Minute Offensive  - 0:00
Last Minute Defensive  - 0:00
Total
Forward - 60:00
Defense - 60:00

Play by Play

1st period


0:01 of 1st period - Henrik Sedin wins face-off versus Kyle Palmieri in neutral zone.
0:12 of 1st period - Shot by Brayden Schenn.
0:12 of 1st period - Shot Misses the Net.
0:14 of 1st period - Shot by Kyle Palmieri.
0:14 of 1st period - Stopped by Kari Lehtonen without a rebound.
0:15 of 1st period - Jeff Carter wins face-off versus Matt Cullen in Lightning zone.
0:29 of 1st period - Icing by Oliver Ekman-Larsson.
0:30 of 1st period - Travis Zajac wins face-off versus Kyle Turris in Sabres zone.
0:33 of 1st period - Shot by Travis Zajac.
0:33 of 1st period - Goal by Travis Zajac - Lightning : 1 - Sabres : 0.
0:34 of 1st period - Lars Eller wins face-off versus Eric Fehr in neutral zone.
0:36 of 1st period - Braydon Coburn is hit by Erik Gudbranson and loses puck.
0:57 of 1st period - Shot by Tobias Rieder.
0:57 of 1st period - Stopped by Ondrej Pavelec without a rebound.
0:58 of 1st period - Henrik Sedin wins face-off versus Nazem Kadri in Sabres zone.
1:38 of 1st period - Icing by Brad Hunt.
1:39 of 1st period - Henrik Sedin wins face-off versus Kyle Turris in Lightning zone.
1:52 of 1st period - Shot by Kyle Turris.
1:52 of 1st period - Shot Blocked by Brad Hunt.
1:55 of 1st period - Icing by Andre Benoit.
1:56 of 1st period - Lars Eller wins face-off versus Henrik Sedin in Lightning zone.
3:04 of 1st period - Shot by Teddy Purcell.
3:04 of 1st period - Shot Misses the Net.
3:06 of 1st period - Shot by Jeff Carter.
3:06 of 1st period - Deflect By Teddy Purcell.
3:06 of 1st period - Shot Misses the Net.
3:08 of 1st period - Shot by Kevin Klein.
3:08 of 1st period - Shot Blocked by Braydon Coburn.
3:41 of 1st period - Icing by Andrej Sekera.
3:42 of 1st period - Travis Zajac wins face-off versus Kyle Turris in Lightning zone.
4:17 of 1st period - Shot by Tomas Fleischmann.
4:17 of 1st period - Shot Blocked by Johnny Oduya.
5:05 of 1st period - Kevin Klein is hit by Nino Niederreiter and loses puck.
5:17 of 1st period - Minor Penalty to Patric Hornqvist for Slashing.
5:18 of 1st period - Travis Zajac wins face-off versus Kyle Palmieri in Lightning zone.
5:47 of 1st period - Minor Penalty to Brayden Schenn for Holding.
5:48 of 1st period - Henrik Sedin wins face-off versus Nazem Kadri in Sabres zone.
6:12 of 1st period - Off-side.
6:13 of 1st period - Nazem Kadri wins face-off versus Henrik Sedin in neutral zone.
6:18 of 1st period - Icing by Kevin Klein.
6:19 of 1st period - Nazem Kadri wins face-off versus Henrik Sedin in Lightning zone.
6:28 of 1st period - Shot by Lars Eller.
6:28 of 1st period - Deflect By Nazem Kadri.
6:28 of 1st period - Stopped by Kari Lehtonen with a rebound.
6:30 of 1st period - Shot by Lars Eller.
6:30 of 1st period - Stopped by Kari Lehtonen with a rebound.
6:56 of 1st period - Shot by Johnny Gaudreau.
6:56 of 1st period - Stopped by Ondrej Pavelec with a rebound.
7:55 of 1st period - Shot by Tomas Fleischmann.
7:55 of 1st period - Stopped by Ondrej Pavelec without a rebound.
7:56 of 1st period - Nazem Kadri wins face-off versus Tomas Fleischmann in Sabres zone.
7:56 of 1st period - Kyle Palmieri is hit by Troy Brouwer.
8:32 of 1st period - Icing by Andrej Sekera.
8:33 of 1st period - Kyle Turris wins face-off versus Travis Zajac in Lightning zone.
8:37 of 1st period - Icing by Andrej Sekera.
8:38 of 1st period - Travis Zajac wins face-off versus Lars Eller in Lightning zone.
9:58 of 1st period - Icing by Andrej Sekera.
9:59 of 1st period - Travis Zajac wins face-off versus Kyle Turris in Lightning zone.
9:59 of 1st period - Travis Zajac is hit by Nino Niederreiter.
10:20 of 1st period - Minor Penalty to Erik Gudbranson for Hooking.
10:21 of 1st period - Eric Fehr wins face-off versus Nazem Kadri in Lightning zone.
10:21 of 1st period - Eric Fehr is hit by Brayden Schenn.
10:45 of 1st period - Shot by Kyle Palmieri.
10:45 of 1st period - Stopped by Kari Lehtonen with a rebound.
10:47 of 1st period - Shot by Johnny Oduya.
10:47 of 1st period - Stopped by Kari Lehtonen without a rebound.
10:48 of 1st period - Henrik Sedin wins face-off versus Kyle Turris in Lightning zone.
11:23 of 1st period - Shot by Rasmus Ristolainen.
11:23 of 1st period - The goal is going for a video replay.
11:23 of 1st period - The goal is good.
11:23 of 1st period - Goal by Rasmus Ristolainen - Lightning : 1 - Sabres : 1.
11:24 of 1st period - Nazem Kadri wins face-off versus Jeff Carter in neutral zone.
11:35 of 1st period - Johnny Oduya is hit by Patric Hornqvist.
11:41 of 1st period - Shot by Jeff Carter.
11:41 of 1st period - Stopped by Ondrej Pavelec without a rebound.
11:42 of 1st period - Henrik Sedin wins face-off versus Kris Versteeg in Sabres zone.
11:51 of 1st period - Shot by Johnny Gaudreau.
11:51 of 1st period - Deflect By Henrik Sedin.
11:51 of 1st period - Shot Misses the Net.
12:05 of 1st period - Shot by Kris Versteeg.
12:05 of 1st period - Shot Blocked by Brad Hunt.
12:15 of 1st period - Shot by Kris Versteeg.
12:15 of 1st period - Shot Blocked by Johnny Gaudreau.
12:17 of 1st period - Shot by Josh Gorges.
12:17 of 1st period - Shot Misses the Net.
12:24 of 1st period - Shot by Gustav Nyquist.
12:24 of 1st period - Stopped by Kari Lehtonen without a rebound.
12:24 of 1st period - Minor Penalty to Gustav Nyquist for Boarding.
12:24 of 1st period - Minor Penalty to Andre Benoit for Slashing.
12:25 of 1st period - Henrik Sedin wins face-off versus Nazem Kadri in Lightning zone.
12:25 of 1st period - Henrik Sedin is hit by Nazem Kadri.
12:52 of 1st period - Shot by Nazem Kadri.
12:52 of 1st period - Stopped by Kari Lehtonen without a rebound.
12:53 of 1st period - Kyle Palmieri wins face-off versus Jeff Carter in Lightning zone.
13:00 of 1st period - Shot by Kyle Palmieri.
13:00 of 1st period - Deflect By Kyle Turris.
13:00 of 1st period - Stopped by Kari Lehtonen with a rebound.
13:10 of 1st period - Shot by Jeff Carter.
13:10 of 1st period - Stopped by Ondrej Pavelec with a rebound.
13:12 of 1st period - Shot by David Schlemko.
13:12 of 1st period - Shot Blocked by Johnny Oduya.
13:13 of 1st period - Minor Penalty to Johnny Oduya for Roughing.
13:14 of 1st period - Nazem Kadri wins face-off versus Henrik Sedin in Sabres zone.
13:22 of 1st period - Icing by Erik Gudbranson.
13:23 of 1st period - Henrik Sedin wins face-off versus Nazem Kadri in Lightning zone.
14:34 of 1st period - Shot by Jeff Carter.
14:34 of 1st period - Shot Misses the Net.
15:07 of 1st period - Francois Beauchemin is hit by Teddy Purcell and loses puck.
16:06 of 1st period - Shot by Nino Niederreiter.
16:06 of 1st period - Stopped by Kari Lehtonen without a rebound.
16:07 of 1st period - Kyle Turris wins face-off versus Travis Zajac in Lightning zone.
16:24 of 1st period - Shot by Travis Zajac.
16:24 of 1st period - Goal by Travis Zajac - Lightning : 2 - Sabres : 1.
16:25 of 1st period - Nazem Kadri wins face-off versus Henrik Sedin in neutral zone.
16:28 of 1st period - Andrej Sekera is hit by Nazem Kadri and loses puck.
16:35 of 1st period - Shot by Kyle Palmieri.
16:35 of 1st period - Shot Hit the Post.
16:37 of 1st period - Shot by Nazem Kadri.
16:37 of 1st period - Stopped by Kari Lehtonen without a rebound.
16:38 of 1st period - Kyle Turris wins face-off versus Jeff Carter in Lightning zone.
16:49 of 1st period - Shot by Nino Niederreiter.
16:49 of 1st period - Shot Hit the Post.
16:51 of 1st period - Shot by Nino Niederreiter.
16:51 of 1st period - Stopped by Kari Lehtonen without a rebound.
16:52 of 1st period - Henrik Sedin wins face-off versus Nazem Kadri in Lightning zone.
16:59 of 1st period - Shot by Henrik Sedin.
16:59 of 1st period - Stopped by Ondrej Pavelec without a rebound.
17:00 of 1st period - Henrik Sedin wins face-off versus Nazem Kadri in Sabres zone.
17:01 of 1st period - Shot by Johnny Gaudreau.
17:01 of 1st period - Shot Blocked by Francois Beauchemin.
17:21 of 1st period - Shot by Kyle Palmieri.
17:21 of 1st period - Shot Misses the Net.
17:24 of 1st period - Icing by Johnny Gaudreau.
17:25 of 1st period - Henrik Sedin wins face-off versus Kyle Turris in Lightning zone.
17:36 of 1st period - Erik Gudbranson is hit by Nino Niederreiter and loses puck.
17:53 of 1st period - Shot by Nino Niederreiter.
17:53 of 1st period - Shot Blocked by Erik Gudbranson.
18:13 of 1st period - Erik Gudbranson is hit by Kyle Turris and loses puck.
18:23 of 1st period - Icing by Johnny Gaudreau.
18:24 of 1st period - Henrik Sedin wins face-off versus Nazem Kadri in Lightning zone.
18:28 of 1st period - Off-side.
18:29 of 1st period - Jeff Carter wins face-off versus Nazem Kadri in neutral zone.
18:40 of 1st period - Shot by Patric Hornqvist.
18:40 of 1st period - Stopped by Ondrej Pavelec with a rebound.
19:35 of 1st period - Travis Zajac is hit by Josh Gorges and loses puck.
19:52 of 1st period - Travis Zajac is hit by Josh Gorges and loses puck.
Goals for this period are 2 for Lightning vs 1 for Sabres.
Shots for this period are 9 for Lightning vs 12 for Sabres.

2nd period


0:01 of 2nd period - Jeff Carter wins face-off versus Nazem Kadri in neutral zone.
1:09 of 2nd period - Icing by Andrej Sekera.
1:10 of 2nd period - Lars Eller wins face-off versus Johnny Gaudreau in Lightning zone.
1:17 of 2nd period - Shot by Kris Versteeg.
1:17 of 2nd period - Stopped by Kari Lehtonen without a rebound.
1:18 of 2nd period - Matt Cullen wins face-off versus Henrik Sedin in Lightning zone.
1:25 of 2nd period - Johnny Oduya is hit by Henrik Sedin.
1:29 of 2nd period - Shot by Nino Niederreiter.
1:29 of 2nd period - Stopped by Kari Lehtonen without a rebound.
1:30 of 2nd period - Zach Hyman wins face-off versus Eric Fehr in Lightning zone.
1:59 of 2nd period - Shot by Zach Hyman.
1:59 of 2nd period - Shot Misses the Net.
2:01 of 2nd period - Shot by Daniel Winnik.
2:01 of 2nd period - Shot Blocked by Nick Spaling.
2:03 of 2nd period - Shot by Rasmus Ristolainen.
2:03 of 2nd period - Goal by Rasmus Ristolainen - Lightning : 2 - Sabres : 2.
2:04 of 2nd period - Kyle Turris wins face-off versus Henrik Sedin in neutral zone.
2:33 of 2nd period - Shot by Henrik Sedin.
2:33 of 2nd period - Goal by Henrik Sedin - Lightning : 3 - Sabres : 2.
2:34 of 2nd period - Jeff Carter wins face-off versus Nazem Kadri in neutral zone.
2:41 of 2nd period - Shot by Patric Hornqvist.
2:41 of 2nd period - Shot Misses the Net.
2:45 of 2nd period - Shot by Patric Hornqvist.
2:45 of 2nd period - Stopped by Ondrej Pavelec without a rebound.
2:46 of 2nd period - Lars Eller wins face-off versus Travis Zajac in Sabres zone.
2:55 of 2nd period - Shot by Travis Zajac.
2:55 of 2nd period - Shot Blocked by Francois Beauchemin.
2:57 of 2nd period - Shot by Travis Zajac.
2:57 of 2nd period - Shot Misses the Net.
3:34 of 2nd period - Icing by Rasmus Ristolainen.
3:35 of 2nd period - Lars Eller wins face-off versus Henrik Sedin in Sabres zone.
3:58 of 2nd period - Shot by Kyle Palmieri.
3:58 of 2nd period - Shot Misses the Net.
4:00 of 2nd period - Shot by Johnny Oduya.
4:00 of 2nd period - Shot Misses the Net.
4:02 of 2nd period - Shot by Oliver Ekman-Larsson.
4:02 of 2nd period - Stopped by Kari Lehtonen with a rebound.
5:17 of 2nd period - Teddy Purcell is hit by Braydon Coburn and loses puck.
5:30 of 2nd period - Teddy Purcell is hit by Braydon Coburn and loses puck.
5:53 of 2nd period - Shot by Troy Brouwer.
5:53 of 2nd period - Shot Blocked by Josh Gorges.
5:55 of 2nd period - Shot by Andre Benoit.
5:55 of 2nd period - Stopped by Ondrej Pavelec without a rebound.
5:56 of 2nd period - Eric Fehr wins face-off versus Zach Hyman in Sabres zone.
6:27 of 2nd period - Shot by Zach Hyman.
6:27 of 2nd period - Stopped by Kari Lehtonen without a rebound.
6:28 of 2nd period - Travis Zajac wins face-off versus Lars Eller in Lightning zone.
6:36 of 2nd period - Icing by Travis Zajac.
6:37 of 2nd period - Lars Eller wins face-off versus Travis Zajac in Lightning zone.
7:05 of 2nd period - Minor Penalty to Troy Brouwer for Interference.
7:06 of 2nd period - Nazem Kadri wins face-off versus Travis Zajac in Lightning zone.
7:07 of 2nd period - Shot by Rasmus Ristolainen.
7:07 of 2nd period - Stopped by Kari Lehtonen without a rebound.
7:08 of 2nd period - Nazem Kadri wins face-off versus Travis Zajac in Lightning zone.
7:27 of 2nd period - Shot by Travis Zajac.
7:27 of 2nd period - Stopped by Ondrej Pavelec without a rebound.
7:28 of 2nd period - Kyle Turris wins face-off versus Travis Zajac in Sabres zone.
7:35 of 2nd period - Shot by Oliver Ekman-Larsson.
7:35 of 2nd period - Stopped by Kari Lehtonen without a rebound.
7:36 of 2nd period - Travis Zajac wins face-off versus Nazem Kadri in Lightning zone.
7:51 of 2nd period - Shot by Brayden Schenn.
7:51 of 2nd period - Shot Misses the Net.
8:42 of 2nd period - Icing by Francois Beauchemin.
8:43 of 2nd period - Nazem Kadri wins face-off versus Eric Fehr in Sabres zone.
9:20 of 2nd period - Shot by Kris Versteeg.
9:20 of 2nd period - Stopped by Kari Lehtonen without a rebound.
9:21 of 2nd period - Kyle Turris wins face-off versus Jeff Carter in Lightning zone.
9:26 of 2nd period - Shot by Nino Niederreiter.
9:26 of 2nd period - Stopped by Kari Lehtonen without a rebound.
9:27 of 2nd period - Henrik Sedin wins face-off versus Kyle Turris in Lightning zone.
9:50 of 2nd period - Shot by Johnny Gaudreau.
9:50 of 2nd period - Shot Misses the Net.
9:52 of 2nd period - Shot by Radim Vrbata.
9:52 of 2nd period - Stopped by Ondrej Pavelec with a rebound.
10:48 of 2nd period - Shot by Patric Hornqvist.
10:48 of 2nd period - Shot Misses the Net.
10:50 of 2nd period - Shot by Jeff Carter.
10:50 of 2nd period - Shot Misses the Net.
10:58 of 2nd period - Shot by Jeff Carter.
10:58 of 2nd period - Deflect By Patric Hornqvist.
10:58 of 2nd period - Shot Misses the Net.
11:31 of 2nd period - Troy Brouwer is hit by Francois Beauchemin and loses puck.
11:44 of 2nd period - Shot by Troy Brouwer.
11:44 of 2nd period - Shot Blocked by Rasmus Ristolainen.
11:46 of 2nd period - Shot by Travis Zajac.
11:46 of 2nd period - Deflect By Tomas Fleischmann.
11:46 of 2nd period - Shot Misses the Net.
11:48 of 2nd period - Shot by Troy Brouwer.
11:48 of 2nd period - Stopped by Ondrej Pavelec without a rebound.
11:49 of 2nd period - Lars Eller wins face-off versus Tobias Rieder in Sabres zone.
11:49 of 2nd period - Kris Versteeg is hit by Nick Spaling and loses puck.
13:25 of 2nd period - Shot by Kyle Palmieri.
13:25 of 2nd period - Stopped by Kari Lehtonen without a rebound.
13:26 of 2nd period - Zach Hyman wins face-off versus Jeff Carter in Lightning zone.
13:27 of 2nd period - Shot by Francois Beauchemin.
13:27 of 2nd period - Stopped by Kari Lehtonen without a rebound.
13:28 of 2nd period - Jeff Carter wins face-off versus Zach Hyman in Lightning zone.
13:28 of 2nd period - Jeff Carter is hit by Nazem Kadri.
13:40 of 2nd period - Shot by Teddy Purcell.
13:40 of 2nd period - Shot Misses the Net.
14:31 of 2nd period - Shot by Matt Cullen.
14:31 of 2nd period - Stopped by Kari Lehtonen without a rebound.
14:32 of 2nd period - Henrik Sedin wins face-off versus Lars Eller in Lightning zone.
15:13 of 2nd period - Shot by Gustav Nyquist.
15:13 of 2nd period - Stopped by Kari Lehtonen without a rebound.
15:14 of 2nd period - Kyle Turris wins face-off versus Travis Zajac in Lightning zone.
16:23 of 2nd period - Shot by Kyle Palmieri.
16:23 of 2nd period - Deflect By Nazem Kadri.
16:23 of 2nd period - Stopped by Kari Lehtonen without a rebound.
16:24 of 2nd period - Henrik Sedin wins face-off versus Lars Eller in Lightning zone.
16:26 of 2nd period - Johnny Gaudreau is hit by Lars Eller and loses puck.
17:24 of 2nd period - Shot by Patric Hornqvist.
17:24 of 2nd period - Shot Blocked by Josh Gorges.
17:26 of 2nd period - Shot by Patric Hornqvist.
17:26 of 2nd period - Stopped by Ondrej Pavelec without a rebound.
17:27 of 2nd period - Nazem Kadri wins face-off versus Eric Fehr in Sabres zone.
17:44 of 2nd period - Shot by Tobias Rieder.
17:44 of 2nd period - Shot Misses the Net.
18:17 of 2nd period - Shot by Jeff Carter.
18:17 of 2nd period - Stopped by Ondrej Pavelec with a rebound.
18:23 of 2nd period - Shot by Patric Hornqvist.
18:23 of 2nd period - Stopped by Ondrej Pavelec without a rebound.
18:24 of 2nd period - Henrik Sedin wins face-off versus Kyle Turris in Sabres zone.
19:05 of 2nd period - Icing by Johnny Oduya.
19:06 of 2nd period - Kyle Turris wins face-off versus Jeff Carter in Sabres zone.
19:06 of 2nd period - Kyle Turris is hit by Patric Hornqvist.
19:12 of 2nd period - Nino Niederreiter is hit by Patric Hornqvist and loses puck.
19:27 of 2nd period - Minor Penalty to Andrej Sekera for Tripping.
19:28 of 2nd period - Travis Zajac wins face-off versus Nazem Kadri in Lightning zone.
19:43 of 2nd period - Shot by Brayden Schenn.
19:43 of 2nd period - Stopped by Kari Lehtonen with a rebound.
19:45 of 2nd period - Shot by Brayden Schenn.
19:45 of 2nd period - Stopped by Kari Lehtonen without a rebound.
19:46 of 2nd period - Nazem Kadri wins face-off versus Travis Zajac in Lightning zone.
Goals for this period are 1 for Lightning vs 1 for Sabres.
Shots for this period are 9 for Lightning vs 16 for Sabres.

3rd period


0:01 of 3rd period - Travis Zajac wins face-off versus Nazem Kadri in neutral zone.
0:08 of 3rd period - Shot by Tomas Fleischmann.
0:08 of 3rd period - Shot Hit the Post.
0:44 of 3rd period - Shot by Brayden Schenn.
0:44 of 3rd period - Shot Misses the Net.
1:22 of 3rd period - Shot by Johnny Oduya.
1:22 of 3rd period - Stopped by Kari Lehtonen without a rebound.
1:23 of 3rd period - Kyle Turris wins face-off versus Eric Fehr in Lightning zone.
1:26 of 3rd period - Shot by Matt Cullen.
1:26 of 3rd period - Stopped by Kari Lehtonen without a rebound.
1:27 of 3rd period - Henrik Sedin wins face-off versus Lars Eller in Lightning zone.
1:42 of 3rd period - Shot by Johnny Gaudreau.
1:42 of 3rd period - Shot Misses the Net.
1:46 of 3rd period - Shot by Henrik Sedin.
1:46 of 3rd period - Shot Blocked by Josh Gorges.
1:49 of 3rd period - Johnny Gaudreau is hit by Josh Gorges and loses puck.
3:04 of 3rd period - Shot by Patric Hornqvist.
3:04 of 3rd period - Shot Misses the Net.
3:49 of 3rd period - Icing by Rasmus Ristolainen.
3:50 of 3rd period - Nick Spaling wins face-off versus Nazem Kadri in Sabres zone.
3:51 of 3rd period - Shot by Eric Fehr.
3:51 of 3rd period - Shot Hit the Post.
3:53 of 3rd period - Shot by Tobias Rieder.
3:53 of 3rd period - Goal by Tobias Rieder - Lightning : 4 - Sabres : 2.
3:53 of 3rd period - Jhonas Enroth enters game.
3:54 of 3rd period - Eric Fehr wins face-off versus Kyle Turris in neutral zone.
3:56 of 3rd period - Off-side.
3:57 of 3rd period - Matt Cullen wins face-off versus Henrik Sedin in neutral zone.
4:02 of 3rd period - Shot by Kyle Turris.
4:02 of 3rd period - Shot Misses the Net.
4:10 of 3rd period - Shot by Oliver Ekman-Larsson.
4:10 of 3rd period - Shot Hit the Post.
4:15 of 3rd period - Nino Niederreiter is hit by Kevin Klein and loses puck.
4:20 of 3rd period - Shot by Matt Cullen.
4:20 of 3rd period - Stopped by Kari Lehtonen without a rebound.
4:21 of 3rd period - Zach Hyman wins face-off versus Patric Hornqvist in Lightning zone.
4:40 of 3rd period - Icing by David Schlemko.
4:41 of 3rd period - Patric Hornqvist wins face-off versus Nino Niederreiter in Lightning zone.
4:54 of 3rd period - Shot by Jeff Carter.
4:54 of 3rd period - Deflect By Patric Hornqvist.
4:54 of 3rd period - Stopped by Jhonas Enroth without a rebound.
4:55 of 3rd period - Henrik Sedin wins face-off versus Nazem Kadri in Sabres zone.
5:15 of 3rd period - Icing by Rasmus Ristolainen.
5:16 of 3rd period - Jeff Carter wins face-off versus Nazem Kadri in Sabres zone.
5:20 of 3rd period - Icing by Francois Beauchemin.
5:21 of 3rd period - Henrik Sedin wins face-off versus Nazem Kadri in Sabres zone.
5:21 of 3rd period - Henrik Sedin is hit by Rasmus Ristolainen.
5:26 of 3rd period - Radim Vrbata is hit by Rasmus Ristolainen and loses puck.
5:38 of 3rd period - Minor Penalty to Rasmus Ristolainen for Holding.
5:39 of 3rd period - Henrik Sedin wins face-off versus Nazem Kadri in Sabres zone.
6:57 of 3rd period - Icing by Kevin Klein.
6:58 of 3rd period - Jeff Carter wins face-off versus Nazem Kadri in Lightning zone.
6:58 of 3rd period - Jeff Carter is hit by Brayden Schenn.
7:04 of 3rd period - Shot by Teddy Purcell.
7:04 of 3rd period - Shot Blocked by Johnny Oduya.
7:06 of 3rd period - Shot by Teddy Purcell.
7:06 of 3rd period - Stopped by Jhonas Enroth without a rebound.
7:07 of 3rd period - Kyle Palmieri wins face-off versus Henrik Sedin in Sabres zone.
7:28 of 3rd period - Shot by Henrik Sedin.
7:28 of 3rd period - Stopped by Jhonas Enroth without a rebound.
7:29 of 3rd period - Jeff Carter wins face-off versus Kyle Palmieri in Sabres zone.
7:42 of 3rd period - Shot by Travis Zajac.
7:42 of 3rd period - Stopped by Jhonas Enroth without a rebound.
7:43 of 3rd period - Travis Zajac wins face-off versus Kyle Turris in Sabres zone.
7:46 of 3rd period - Shot by Troy Brouwer.
7:46 of 3rd period - Stopped by Jhonas Enroth without a rebound.
7:47 of 3rd period - Henrik Sedin wins face-off versus Kyle Turris in Sabres zone.
8:05 of 3rd period - Rasmus Ristolainen is hit by Erik Gudbranson and loses puck.
8:20 of 3rd period - Rasmus Ristolainen is hit by Radim Vrbata and loses puck.
8:38 of 3rd period - Icing by Francois Beauchemin.
8:39 of 3rd period - Kyle Turris wins face-off versus Jeff Carter in Sabres zone.
8:39 of 3rd period - Rasmus Ristolainen is hit by Patric Hornqvist and loses puck.
8:51 of 3rd period - Icing by Rasmus Ristolainen.
8:52 of 3rd period - Kyle Turris wins face-off versus Travis Zajac in Sabres zone.
8:54 of 3rd period - Icing by Matt Cullen.
8:55 of 3rd period - Jeff Carter wins face-off versus Kyle Turris in Sabres zone.
9:04 of 3rd period - Shot by Teddy Purcell.
9:04 of 3rd period - Stopped by Jhonas Enroth without a rebound.
9:05 of 3rd period - Nazem Kadri wins face-off versus Henrik Sedin in Sabres zone.
9:13 of 3rd period - Shot by Nazem Kadri.
9:13 of 3rd period - Stopped by Kari Lehtonen without a rebound.
9:14 of 3rd period - Nazem Kadri wins face-off versus Johnny Gaudreau in Lightning zone.
9:24 of 3rd period - Henrik Sedin is hit by Oliver Ekman-Larsson and loses puck.
9:37 of 3rd period - Henrik Sedin is hit by Oliver Ekman-Larsson and loses puck.
9:52 of 3rd period - Shot by Johnny Gaudreau.
9:52 of 3rd period - Stopped by Jhonas Enroth without a rebound.
9:53 of 3rd period - Kyle Turris wins face-off versus Jeff Carter in Sabres zone.
10:21 of 3rd period - Shot by Jeff Carter.
10:21 of 3rd period - Stopped by Jhonas Enroth without a rebound.
10:22 of 3rd period - Lars Eller wins face-off versus Travis Zajac in Sabres zone.
11:18 of 3rd period - Shot by Nazem Kadri.
11:18 of 3rd period - Shot Misses the Net.
11:45 of 3rd period - Icing by Tomas Fleischmann.
11:46 of 3rd period - Kyle Turris wins face-off versus Travis Zajac in Lightning zone.
12:38 of 3rd period - Icing by Johnny Oduya.
12:39 of 3rd period - Kyle Turris wins face-off versus Jeff Carter in Sabres zone.
13:16 of 3rd period - Shot by Kyle Palmieri.
13:16 of 3rd period - Shot Misses the Net.
13:18 of 3rd period - Shot by Francois Beauchemin.
13:18 of 3rd period - Shot Misses the Net.
13:22 of 3rd period - Shot by Kyle Palmieri.
13:22 of 3rd period - Shot Blocked by Andrej Sekera.
13:24 of 3rd period - Shot by Rasmus Ristolainen.
13:24 of 3rd period - Stopped by Kari Lehtonen with a rebound.
13:26 of 3rd period - Shot by Rasmus Ristolainen.
13:26 of 3rd period - Stopped by Kari Lehtonen without a rebound.
13:27 of 3rd period - Henrik Sedin wins face-off versus Lars Eller in Lightning zone.
13:49 of 3rd period - Shot by Lars Eller.
13:49 of 3rd period - Stopped by Kari Lehtonen without a rebound.
13:50 of 3rd period - Zach Hyman wins face-off versus Eric Fehr in Lightning zone.
14:02 of 3rd period - Double Minor Penalty to Zach Hyman for High sticking.
14:03 of 3rd period - Henrik Sedin wins face-off versus Nazem Kadri in Sabres zone.
14:03 of 3rd period - Henrik Sedin is hit by Rasmus Ristolainen.
14:13 of 3rd period - Shot by Johnny Gaudreau.
14:13 of 3rd period - Shot Blocked by Francois Beauchemin.
14:15 of 3rd period - Shot by Brad Hunt.
14:15 of 3rd period - Stopped by Jhonas Enroth without a rebound.
14:16 of 3rd period - Nazem Kadri wins face-off versus Jeff Carter in Sabres zone.
14:16 of 3rd period - Nazem Kadri is hit by Jeff Carter.
15:19 of 3rd period - Icing by Erik Gudbranson.
15:20 of 3rd period - Nazem Kadri wins face-off versus Jeff Carter in Lightning zone.
15:40 of 3rd period - Off-side.
15:41 of 3rd period - Kyle Palmieri wins face-off versus Henrik Sedin in neutral zone.
16:51 of 3rd period - Shot by Kevin Klein.
16:51 of 3rd period - Shot Misses the Net.
16:53 of 3rd period - Shot by Erik Gudbranson.
16:53 of 3rd period - Shot Blocked by Rasmus Ristolainen.
16:55 of 3rd period - Shot by Teddy Purcell.
16:55 of 3rd period - Stopped by Jhonas Enroth without a rebound.
16:56 of 3rd period - Nazem Kadri wins face-off versus Henrik Sedin in Sabres zone.
18:10 of 3rd period - Shot by Travis Zajac.
18:10 of 3rd period - Shot Misses the Net.
18:15 of 3rd period - Travis Zajac is hit by Josh Gorges and loses puck.
18:47 of 3rd period - Tobias Rieder is hit by Josh Gorges and loses puck.
18:54 of 3rd period - Shot by Tobias Rieder.
18:54 of 3rd period - Shot Misses the Net.
18:56 of 3rd period - Shot by Eric Fehr.
18:56 of 3rd period - Stopped by Jhonas Enroth with a rebound.
19:32 of 3rd period - Henrik Sedin is hit by Francois Beauchemin and loses puck.
19:47 of 3rd period - Shot by Kyle Turris.
19:47 of 3rd period - Shot Misses the Net.
19:49 of 3rd period - Shot by Matt Cullen.
19:49 of 3rd period - Deflect By Nino Niederreiter.
19:49 of 3rd period - Shot Misses the Net.
19:51 of 3rd period - Shot by Rasmus Ristolainen.
19:51 of 3rd period - Deflect By Kyle Turris.
19:51 of 3rd period - Stopped by Kari Lehtonen without a rebound.
19:52 of 3rd period - Zach Hyman wins face-off versus Jeff Carter in Lightning zone.
Goals for this period are 1 for Lightning vs 0 for Sabres.
Shots for this period are 12 for Lightning vs 8 for Sabres.